omghax, neutral male scurrid Tourist .Bd .@. --- omghax the Rambler Experience level: 1 Strength: 12 Dexterity: 10 Constitution: 12 Intelligence: 12 Wisdom: 8 Charisma: 21 Health: 0(9) Energy: 2(2) Def: 0 Gold: 865 Moves: 40 Dungeon seed: HY5YUsZvtWMUypaO Game ID: omghax_1498611134 Your Inventory: Coins $ - 865 gold pieces Weapons a - 47 uncursed +2 darts (in quiver) Armor e - a blessed +0 Hawaiian shirt (being worn) Comestibles b - 4 uncursed food rations c - an uncursed chestnut d - an uncursed pancake f - 2 uncursed tins of newt meat g - an uncursed fortune cookie h - an uncursed tripe ration i - an uncursed candy bar Scrolls k - 4 uncursed scrolls of magic mapping Potions j - 2 blessed potions of extra healing p - an uncursed potion of water Wands n - an uncursed wand of secret door detection (0:15) Tools l - an uncursed expensive camera (0:62) m - an uncursed credit card o - an uncursed oil lamp (0:1107) Spells and supernatural/magical abilities: Name Level Category Fail Memory W - pray for help -- divine ? -- Your skills at the end: Miscellaneous Skills wands [Basic] Weapon Skills dart [Basic] Spellcasting Skills Final Attributes: You were devoutly aligned. You had infravision. You were very stealthy. You are dead. Voluntary challenges: You went without food. You did not adorn yourself with jewelry or accessories. You did not cause conflict. You were not invisible. You did not have reflection. You were not displaced. You were an atheist. You never hit with a wielded weapon. You were a pacifist. You did not use tools. You did not use plumbed fixtures. You did not drink any magical draughts. You were illiterate. You never genocided any monsters. You never polymorphed an object. You never changed form. You used no wishes. You never split a pudding. You never wrote Elbereth's name. You never violated your personal moral code. Dungeon overview: The Dungeons of Doom: levels 1 to 17 Level 1 a long staircase Level 2 a fountain Level 3 Level 4 Level 5 a fountain, a sink Level 6 Level 7 Level 8 Level 9 Level 10 Level 11 Level 12 Level 13 Level 14 Level 15 Level 16 Level 17 <- You were here History has recorded: On T:1 you entered the Dungeons of Doom to retrieve the Amulet of Yendor! On T:4 you reached level 2 of The Dungeons of Doom. On T:7 you reached level 3 of The Dungeons of Doom. On T:9 you reached level 4 of The Dungeons of Doom. On T:11 you reached level 5 of The Dungeons of Doom. On T:13 you reached level 6 of The Dungeons of Doom. On T:16 you reached level 7 of The Dungeons of Doom. On T:18 you reached level 8 of The Dungeons of Doom. On T:20 you reached level 9 of The Dungeons of Doom. On T:22 you reached level 10 of The Dungeons of Doom. On T:26 you reached level 11 of The Dungeons of Doom. On T:28 you reached level 12 of The Dungeons of Doom. On T:31 you reached level 13 of The Dungeons of Doom. On T:33 you reached level 14 of The Dungeons of Doom. On T:35 you reached level 15 of The Dungeons of Doom. On T:37 you reached level 16 of The Dungeons of Doom. On T:40 you reached level 17 of The Dungeons of Doom. On T:40 you entered the Rogue tribute level. Score breakdown: Gold: 0 ( 0 points) Experience: 1 level ( 0 points) Exploration: 17 levels ( 480 points) Discoveries: 1 item ( 50 points) Variety of kills: 0 monsters ( 0 points) Major goal: (nothing yet) ( 0 points) Survival: died (score multiplied by 3) Total score: 1590 Latest messages: You start digging downward. You continue digging downward. You dig a pit in the floor. You continue digging downward. You dig a hole through the floor. You fall through... You start digging downward. You continue digging downward. You dig a pit in the floor. You continue digging downward. You dig a hole through the floor. You fall through... You start digging downward. You continue digging downward. You dig a pit in the floor. You continue digging downward. You dig a hole through the floor. You fall through... You enter what seems to be an older, more primitive world. The vampire bat bites! (2x) You start digging downward. The vampire bat bites! You die... Final status: Aloha omghax the Tourist, killed by a vampire bat... You died in The Dungeons of Doom on dungeon level 17 with 1590 points, and 865 pieces of gold, after 40 moves. You were level 1 with a maximum of 9 hit points when you died.